AoeStats
← Diegoxyz

Socotra

505758338Analyzed
4v4 RM · 21d ago on Sep 10, 2026· 30m 40s· 8 players
Game mode
Random Map
Map size
148×148
Population
200
Speed
Normal
Resources
Standard
Victory
Conquest
Starting age
Dark Age
Ending age
Imperial Age
RankedLock teamsTeams togetherTeam positionsShared explorationLock speedFull tech treeHidden civsTurbo modeCheats
Victory
Defeat
🇲🇽 Britons · Mexico
1716
+9
🇲🇽 Persians · Mexico
1568
+15
🇨🇴 Magyars · Colombia
1546
+16
🇪🇸 Japanese · Spain
1116
+30
🇨🇱 Maya · Chile
1581
-19
🇳🇴 Italians · Norway
1537
-17
🇨🇱 Spanish · Chile
1512
-17
🇨🇱 Magyars · Chile
1508
-17
Diegoxyz
7:17 Loom
10:13 Feudal Age
13:01 Double-Bit Axe
15:47 Castle Age
13:34 Double-Bit Axe
13:52 Horse Collar
17:04 Bow Saw
Snavle
4:11 Loom
10:45 Feudal Age
11:35 Double-Bit Axe
22:33 Castle Age
23:57 Fletching
26:42 Bow Saw
26:55 Bodkin Arrow
[CL] Sebag
0:25 Loom
9:44 Feudal Age
13:53 Fletching
22:04 Castle Age
20:30 Double-Bit Axe
20:57 Gold Mining
22:02 Padded Archer Armor
23:05 Bodkin Arrow
22:49 Crossbowman
27:30 Ballistics
[CL] FARFANA
5:41 Loom
8:54 Feudal Age
9:35 Double-Bit Axe
9:32 Horse Collar
17:11 Scale Barding Armor
18:33 Bloodlines
24:47 Castle Age
24:56 Wheelbarrow
24:51 Light Cavalry
25:56 Chain Barding Armor
26:08 Bow Saw
eL|Hooligan
6:01 Loom
8:14 Feudal Age
9:41 Double-Bit Axe
9:36 Horse Collar
20:19 Castle Age
19:02 Bloodlines
19:49 Scale Barding Armor
19:55 Forging
20:54 Husbandry
27:22 Chain Barding Armor
30:35 Wheelbarrow
MZTK | Foxy
6:54 Loom
9:44 Feudal Age
10:34 Double-Bit Axe
13:34 Fletching
13:30 Town Watch
16:55 Padded Archer Armor
24:00 Castle Age
24:46 Wheelbarrow
24:06 Crossbowman
24:41 Bodkin Arrow
24:57 Bow Saw
26:30 Hand Cart
26:40 Ballistics
26:28 Gold Mining
27:43 Hand Cart
28:46 Gold Shaft Mining
29:06 Leather Archer Armor
MZTK | KaLiuM
6:57 Loom
9:29 Feudal Age
10:04 Double-Bit Axe
10:24 Horse Collar
17:08 Wheelbarrow
21:29 Castle Age
19:35 Gold Mining
20:58 Scale Barding Armor
22:53 Chain Barding Armor
24:23 Bloodlines
24:15 Husbandry
26:51 Bow Saw
27:01 Town Watch
28:34 Hand Cart
MZTK | JONVI
2:27 Loom
14:08 Feudal Age
19:05 Town Watch
21:57 Scale Mail Armor
22:07 Forging
24:41 Castle Age
24:53 Horse Collar
25:01 Double-Bit Axe
27:24 Fletching
Connection lost

Rejoining the realm…

Still unreachable

The connection could not be restored.

Session expired

The server has moved on; the page needs a fresh start.